 Dungeon Crawl Stone Soup version 0.22.1-1-ga44c0e5 (webtiles) character file.

156 gbos the Poker (level 5, 0/42 HPs)
             Began as a Merfolk Skald on Oct 26, 2018.
             Slain by an orc priest
             ... wielding a +0 flail
              (8 damage)
             ... on level 2 of the Dungeon.
             The game lasted 00:06:30 (3310 turns).

gbos the Poker (Merfolk Skald)                      Turns: 3310, Time: 00:06:30

Health: 0/42       AC:  4    Str: 11    XL:     5   Next: 37%
Magic:  7/9        EV: 12    Int: 13    God:
Gold:   86         SH:  0    Dex: 14    Spells: 7/10 levels left

rFire    . . .     SeeInvis .   a - +0 spear
rCold    . . .     Gourm    .   (no shield)
rNeg     + . .     Faith    .   b - +1 leather armour
rPois    .         Spirit   .   (no helmet)
rElec    .         Reflect  .   (no cloak)
rCorr    .         Harm     .   (no gloves)
MR       .....                  (no boots)
Stlth    +.........             (no amulet)
HPRegen  0.14/turn              f - ring of positive energy
MPRegen  0.11/turn              (no ring)

@: about to teleport, infused
A: change form in water, swift swim, stealthy swim
a: no special abilities


You were on level 2 of the Dungeon.
You were not hungry.

You visited 1 branch of the dungeon, and saw 3 of its levels.

You collected 86 gold pieces.

Inventory:

Hand Weapons
 a - a +0 spear (weapon)
Armour
 b - a +1 leather armour (worn)
Jewellery
 f - a ring of positive energy (left hand)
Wands
 n - a wand of disintegration (12)
 p - a wand of random effects (17)
Scrolls
 e - a scroll of fear {unknown}
 m - 2 scrolls of enchant armour
Potions
 c - a potion of invisibility {unknown}
 g - 2 potions of curing {unknown}
 i - a potion of resistance {unknown}
 j - a potion of might {unknown}
 k - a potion of brilliance {unknown}
 l - a potion of lignification {unknown}
 o - a potion of haste {unknown}
Comestibles
 d - a ration
 q - a chunk of flesh


   Skills:
 + Level 3.7 Fighting
 + Level 5.1 Polearms
 - Level 0.6 Armour
 - Level 2.6 Dodging
 + Level 3.3 Spellcasting
 - Level 3.2 Charms


You had 7 spell levels left.
You knew the following spells:

 Your Spells              Type           Power        Failure   Level  Hunger
a - Infusion              Chrm           ##..         8%          1    #......
b - Song of Slaying       Chrm           ##......     12%         2    ##.....

Your spell library contained the following spells:

 Spells                   Type           Power        Failure   Level  Hunger
 Shroud of Golubria       Chrm/Tloc      #.........   22%         2    ##.....
 Regeneration             Chrm/Necr      #.........   41%         3    ###....
 Spectral Weapon          Hex/Chrm       #.......     41%         3    ###....


Dungeon Overview and Level Annotations

Branches:
Dungeon (3/15)

Altars:


Message History

You are too injured to fight recklessly!
You are too injured to fight recklessly!
You are too injured to fight recklessly!
You are too injured to fight recklessly!
You are too injured to fight recklessly!
The orc priest calls down the wrath of Beogh upon you.
Beogh smites you!
* * * LOW HITPOINT WARNING * * *
The orc wizard casts a spell.
The orc wizard seems to speed up.
You are too injured to fight recklessly!
You are too injured to fight recklessly!
You are too injured to fight recklessly!
You hit the orc priest but do no damage.
You hit the orc priest.
The orc priest is lightly wounded.
The orc priest closely misses you.
As you read the scroll of teleportation, it crumbles to dust.
You feel strangely unstable. The orc priest hits you with a flail!
You die...

####### ########.#.##.
#......)...##. #######
#.######.#.##. #.....#
#######.#......#....
#.###.#####oo@..#.#.####.####.
#.........#.###.#.#.# #.# ##
######.##..#.#.......# ##'#####
###......##....#...#.### #.......
....#######..#######.# #.......
##.......o...........# #.......
.#...####.#####..#########.......
.......##.#........##.........###
....##.##.#.####...##.........# #


You could see an orc priest and an orc wizard.

Vanquished Creatures
  Ijyb (D:3)
  6 adders
  A worm (D:2)
  2 dart slugs
  3 leopard geckos
  An orc (D:3)
  2 ball pythons
  6 bats
  6 giant cockroaches
  4 goblins
  7 hobgoblins
  4 jackals (D:2)
  2 quokkas
  6 frilled lizards
  8 kobolds
  6 rats
65 creatures vanquished.

Notes
Turn   | Place    | Note
-------+----------+-------------------------------------------
     0 | D:1      | gbos the Merfolk Skald began the quest for the Orb.
     0 | D:1      | Reached XP level 1. HP: 16/16 MP: 3/3
   182 | D:1      | Reached XP level 2. HP: 23/23 MP: 0/5
   988 | D:2      | Reached XP level 3. HP: 20/28 MP: 3/6
  1265 | D:2      | Reached skill level 4 in Polearms
  1792 | D:2      | Reached XP level 4. HP: 35/35 MP: 4/8
  2455 | D:2      | Learned a level 2 spell: Song of Slaying
  2767 | D:3      | Reached XP level 5. HP: 16/41 MP: 4/9
  3030 | D:3      | Noticed Ijyb
  3069 | D:3      | Killed Ijyb
  3069 | D:3      | Reached skill level 5 in Polearms
  3310 | D:2      | Slain by an orc priest

Skill      XL: |  1  2  3  4  5 |
---------------+----------------+-----
Polearms       | 4 5 |  5.1
Fighting       | 3 |  3.7
Spellcasting   | 3 |  3.3
Armour         | |  0.6
Dodging        | |  2.6
Charms         | |  3.2

Action                   |  1- 3 |  4- 6 || total
-------------------------+-------+-------++-------
Melee: Spear             |   117 |   172 ||   289
 Cast: Infusion          |    14 |    15 ||    29
  Use: Scroll            |       |     5 ||     5
 Stab: Sleeping          |       |     2 ||     2
  Eat: Chunk             |     2 |     6 ||     8
Armor: Leather armour    |    27 |    46 ||    73
Dodge: Dodged            |    61 |   104 ||   165
